General information
- name: BNet
- type: Ladder team game (AT/RT)
- host: Battle.net
- saver: iggy_the_fisk
map: Avalanche
- players: 4
- length: 12:56
- speed: Fast
- version: 1.21 W3XP
- replay type:

» download(85 KB)
Players
team 1 (winner)

»
iggy_the_fisk (
blue | 113 APM | 1461 actions | 12:56)
2 Blademaster
1 Wind Walk
1 Critical Strike
1 Shadow Hunter
1 Hex
» actions
| Assign group hotkey | 131 | |
| Basic commands | 10 | |
| Build / train | 38 | |
| Enter build submenu | 13 | |
| Enter hero's abilities submenu | 3 | |
| Right click | 855 | |
| Select / deselect | 225 | |
| Select group hotkey | 138 | |
| Use ability | 48 | |
1461 total
» units
| Peon | 7 | |
| Grunt | 9 | |
| Raider | 7 | |
| Spirit Walker | 3 | |
26 total
» upgrades
| Berserker Strength | 1 | |
| Ensnare | 1 | |
| Pillage | 1 | |
3 total
» buildings
| Altar of Storms | 2 | |
| Orc Burrow | 6 | |
| Barracks | 1 | |
| Voodoo Lounge | 1 | |
| Stronghold | 1 | |
| Beastiary | 1 | |
| Spirit Lodge | 1 | |
13 total
» build order
00:06 Altar of Storms
00:19 Orc Burrow
00:38 Barracks
01:36 Orc Burrow
01:51 Voodoo Lounge
03:38 Stronghold
05:26 Orc Burrow
05:28 Orc Burrow
06:17 Beastiary
06:19 Altar of Storms
07:17 Orc Burrow
07:36 Spirit Lodge
09:33 Orc Burrow
» items

»
TIMG4STRok (
yellow | 122 APM | 1578 actions | 12:55)
4 Death Knight
2 Death Coil
2 Unholy Aura
3 Lich
2 Frost Nova
1 Frost Armor
» actions
| Assign group hotkey | 20 | |
| Basic commands | 52 | |
| Build / train | 42 | |
| Enter build submenu | 11 | |
| Enter hero's abilities submenu | 7 | |
| Give item / drop item | 2 | |
| Right click | 751 | |
| Select / deselect | 99 | |
| Select group hotkey | 548 | |
| Use ability | 46 | |
1578 total
» units
| Acolyte | 2 | |
| Ghoul | 2 | |
| Crypt Fiend | 12 | |
| Obsidian Statue | 4 | |
20 total
» upgrades
| Burrow | 1 | |
| Creature Attack | 1 | |
| Creature Carapace | 1 | |
| Destroyer Form | 1 | |
4 total
» buildings
| Crypt | 1 | |
| Graveyard | 1 | |
| Ziggurat | 5 | |
| Altar of Darkness | 1 | |
| Nerubian Tower | 1 | |
| Tomb of Relics | 1 | |
| Halls of the Dead | 1 | |
| Slaughterhouse | 1 | |
| Black Citadel | 1 | |
13 total
» build order
00:07 Crypt
00:09 Graveyard
00:38 Ziggurat
00:57 Altar of Darkness
01:45 Ziggurat
02:17 Nerubian Tower
03:27 Tomb of Relics
03:45 Ziggurat
04:54 Halls of the Dead
05:14 Ziggurat
07:18 Slaughterhouse
08:30 Ziggurat
09:28 Black Citadel
» items
| Rod of Necromancy | 1 | |
| Potion of Healing | 1 | |
| Dust of Appearance | 1 | |
| Sacrificial Skull | 1 | |
4 total
team 2 (loser)
AOWRUSH (
red | 119 APM | 1531 actions | 12:52)
2 Demon Hunter
1 Mana Burn
1 Evasion
2 Pandaren Brewmaster
1 Breath of Fire
1 Drunken Haze
» actions
| Assign group hotkey | 14 | |
| Basic commands | 48 | |
| Build / train | 50 | |
| ESC pressed | 2 | |
| Enter build submenu | 12 | |
| Enter hero's abilities submenu | 4 | |
| Right click | 831 | |
| Select / deselect | 262 | |
| Select group hotkey | 255 | |
| Use ability | 53 | |
1531 total
» units
| Wisp | 13 | |
| Huntress | 3 | |
| Dryad | 3 | |
| Archer | 5 | |
| Druid of the Claw | 6 | |
30 total
» upgrades
| Druid of the Claw Training | 2 | |
2 total
» buildings
| Altar of Elders | 1 | |
| Moon Well | 5 | |
| Hunter's Hall | 1 | |
| Ancient of War | 2 | |
| Tree of Ages | 2 | |
| Ancient of Wonders | 1 | |
| Ancient of Lore | 2 | |
| Tree of Eternity | 1 | |
15 total
» build order
00:03 Altar of Elders
00:20 Moon Well
01:53 Hunter's Hall
02:06 Ancient of War
02:11 Moon Well
02:52 Ancient of War
03:36 Tree of Ages
03:36 Tree of Ages
03:38 Moon Well
04:35 Moon Well
05:22 Ancient of Wonders
05:59 Ancient of Lore
06:01 Ancient of Lore
07:13 Tree of Eternity
08:24 Moon Well
» items
SayGoodnight (
teal | 144 APM | 1861 actions | 12:54)
3 Blademaster
1 Wind Walk
2 Critical Strike
2 Shadow Hunter
1 Hex
1 Healing Wave
» actions
| Assign group hotkey | 27 | |
| Basic commands | 16 | |
| Build / train | 54 | |
| ESC pressed | 3 | |
| Enter build submenu | 11 | |
| Enter hero's abilities submenu | 5 | |
| Give item / drop item | 1 | |
| Remove unit from queue | 3 | |
| Right click | 876 | |
| Select / deselect | 247 | |
| Select group hotkey | 561 | |
| Use ability | 57 | |
1861 total
» units
| Peon | 7 | |
| Grunt | 14 | |
| Raider | 7 | |
| Spirit Walker | 1 | |
29 total
» upgrades
| Ensnare | 1 | |
| Berserker Strength | 1 | |
| Spirit Walker Training | 1 | |
3 total
» buildings
| Altar of Storms | 1 | |
| Orc Burrow | 5 | |
| Barracks | 1 | |
| Voodoo Lounge | 1 | |
| Stronghold | 2 | |
| Beastiary | 1 | |
| Spirit Lodge | 1 | |
| War Mill | 1 | |
13 total
» build order
00:07 Altar of Storms
00:16 Orc Burrow
00:35 Barracks
01:34 Orc Burrow
01:56 Voodoo Lounge
03:15 Stronghold
03:16 Stronghold
03:53 Orc Burrow
05:47 Beastiary
07:08 Spirit Lodge
07:10 Orc Burrow
08:02 Orc Burrow
10:15 War Mill
» items
| Scroll of Town Portal | 1 | |
| Lesser Clarity Potion | 1 | |
| Scroll of Speed | 1 | |
3 total
Chat log
(00:25 / All) SayGoodnight: gg hf
(00:31 / All) AOWRUSH: gg gl